 Dungeon Crawl Stone Soup version 0.27.1-33-g824d729ab1 (webtiles) character file.

Game seed: 3945249254889615310

80 lordive the Stinger (level 4, 0/27 HPs)
             Began as an Octopode Venom Mage on Dec 26, 2021.
             Slain by a jackal (2 damage)
             ... on level 3 of the Dungeon.
             The game lasted 00:06:17 (3315 turns).

lordive the Stinger (Octopode Venom Mage)           Turns: 3315, Time: 00:06:18

Health: 0/27       AC:  1    Str:  7    XL:     4   Next: 39%
Magic:  5/7        EV: 13    Int: 18    God:
Gold:   71         SH:  0    Dex: 12    Spells: 6/7 levels left

rFire    . . .     SeeInvis .   (no weapon)
rCold    . . .     Faith    .   (no shield)
rNeg     . . .     Spirit   .   (helmet restricted)
rPois    .         Reflect  .   (no amulet)
rElec    .         Harm     .   (no ring)
rCorr    .         Rampage  .   (no ring)
Will     .....                  (no ring)
Stlth    +++.......             (no ring)
HPRegen  0.09/turn              (no ring)
MPRegen  0.10/turn              (no ring)
                                (no ring)
                                (no ring)

@: no status effects
A: almost no armour, amphibious, 8 rings, camouflage 1, gelatinous body 1,
(nimble swimmer 1), tentacles
a: no special abilities


You were on level 3 of the Dungeon.
You visited 1 branch of the dungeon, and saw 3 of its levels.

You collected 71 gold pieces.

Inventory:

Scrolls
 b - 3 scrolls of identify {unknown}
 e - a scroll of teleportation {unknown}
 f - a scroll of magic mapping {unknown}
 h - a scroll of vulnerability {unknown}
 i - a scroll of blinking {unknown}
Potions
 a - a potion of attraction {unknown}
 c - a potion of ambrosia {unknown}
 d - a potion of invisibility {unknown}
 g - 2 potions of brilliance {unknown}


   Skills:
 + Level 0.1 Fighting
 + Level 2.0 Dodging
 + Level 2.8 Stealth
 + Level 2.1 Spellcasting
 * Level 1.3 Conjurations
 + Level 2.4 Transmutations
 + Level 4.6 Poison Magic


You had 6 spell levels left.
You knew the following spells:

 Your Spells              Type           Power      Damage    Failure   Level
a - Sting                 Tmut/Pois      56%        1d5       4%          1

Your spell library contained the following spells:

 Spells                   Type           Power      Damage    Failure   Level
 Poisonous Vapours        Pois/Air       20%        N/A       11%         2
 Mephitic Cloud           Conj/Pois/Air  9%         N/A       24%         3
 Olgreb's Toxic Radiance  Pois           18%        N/A       26%         4
 Gell's Gravitas          Tloc           0%         N/A       47%         3
 Lesser Beckoning         Tloc           0%         N/A       47%         3
 Teleport Other           Tloc           1%         N/A       47%         3


Dungeon Overview and Level Annotations

Branches:
Dungeon (3/15)

Altars:


Innate Abilities, Weirdness & Mutations

You cannot wear most types of armour.
You are amphibious.
You can wear up to eight rings at the same time.
Your skin changes colour to match your surroundings (Stealth+).
Your rubbery body absorbs attacks. (AC +1, EV +1)
((You are camouflaged near water. (Stealth+)))
You have tentacles for arms and can constrict up to eight enemies at once.


Message History

The jackal barks!
The jackal barely misses you.
A jackal comes into view.
The jackal barely misses you. x2; The orc hits you with a +0 short sword.
The jackal bites you but does no damage.
You kill the orc!
The jackal closely misses you. The jackal closely misses you.
The jackal bites you. The jackal barely misses you.
The jackal closely misses you. The jackal barely misses you.
The jackal bites you. The jackal bites you. The jackal bites you.
The jackal bites you. The jackal barely misses you.
The jackal barely misses you. The jackal closely misses you.
The jackal closely misses you. The jackal misses you.
The jackal barely misses you. The jackal bites you.
You barely miss the jackal.
The jackal barks!
Your grab misses the jackal. The jackal barely misses you. x2
The jackal closely misses you.
The jackal bites you but does no damage.
You tentacle-slap the jackal but do no damage.
You grab the jackal. You constrict the jackal. The jackal bites you.
* * * LOW HITPOINT WARNING * * *
The jackal bites you.
* * * LOW HITPOINT WARNING * * *
The jackal closely misses you. The jackal bites you.
* * * LOW HITPOINT WARNING * * *
You are too injured to fight recklessly!
Unknown command.
You tentacle-slap the jackal but do no damage.
The jackal is lightly wounded.
You constrict the jackal. The jackal bites you.
* * * LOW HITPOINT WARNING * * *
The jackal barely misses you. x2; The jackal bites you.
You die...

######### # .
#.....h@######. .#
#.#####hhh....#.#.#
####.......#... #
#..........#.# #####
#.##.#.........h#h.. ...
.....#..#..)......#####.
........#.##..###.##....
#.#.##........# #.##..#.
. # #.......## #.......


You could see 4 jackals.

Vanquished Creatures
  3 adders (D:2)
  2 dart slugs (D:1)
  2 orcs (D:3)
  5 endoplasms
  A giant cockroach (D:2)
  4 goblins
  2 hobgoblins (D:1)
  4 jackals (D:1)
  4 quokkas
  A ball python (D:1)
  4 bats (D:1)
  2 frilled lizards
  7 kobolds
  2 rats
43 creatures vanquished.

Notes
Turn   | Place    | Note
-------+----------+-------------------------------------------
     0 | D:1      | lordive the Octopode Venom Mage began the quest for the
                  | Orb.
     0 | D:1      | Reached XP level 1. HP: 11/11 MP: 3/3
   621 | D:1      | Reached skill level 4 in Poison Magic
   621 | D:1      | Reached XP level 2. HP: 14/17 MP: 0/5
   795 | D:1      | Reached skill level 1 in Conjurations
   908 | D:1      | Reached XP level 3. HP: 21/21 MP: 2/6
  1924 | D:2      | Found a faded altar of an unknown god.
  1977 | D:2      | Reached XP level 4. HP: 27/27 MP: 3/7
  3315 | D:3      | Slain by a jackal

Illustrated notes

Levels and vault maps discovered:
D:1:      dpeg_arrival_more_subterranean_lakeside_camping, layout_basic,
          kennysheep_minor_cross
D:2:      layout_basic, hellmonk_ecumenical_altar_zigzags
D:3:      layout_loops_cross, dk_noncrumbling_3, due_unseen_surprise

Skill      XL: |  1  2  3 |
---------------+----------+-----
Poison Magic   | 4 |  4.6
Conjurations   | 1 |  1.3
Transmutations | 2 |  2.4
Fighting       | |  0.1
Dodging        | |  2.0
Stealth        | |  2.8
Spellcasting   | |  2.1

Action                   |  1- 3 |  4- 6 || total
-------------------------+-------+-------++-------
Melee: Unarmed           |     7 |     3 ||    10
       Constrict         |     2 |     1 ||     3
 Cast: Sting             |    57 |    34 ||    91
Armor: Skin              |     1 |     2 ||     3
Dodge: Dodged            |    32 |    28 ||    60
